 Dungeon Crawl Stone Soup version 0.24-a0-130-ga3c21ff (webtiles) character file.

Game seed: 6740543948469603904

4676 gruber the Cleaver (level 10, -1/77 HPs)
             Began as a Hill Orc Fighter on Feb 26, 2019.
             Was an Elder of Okawaru.
             Slain by a hornet (7 damage)
             ... on level 9 of the Dungeon.
             The game lasted 00:11:52 (6341 turns).

gruber the Cleaver (Hill Orc Fighter)               Turns: 6341, Time: 00:11:54

Health: -1/77      AC: 13    Str: 28    XL:     10   Next: 44%
Magic:  0/10       EV:  9    Int:  5    God:    Okawaru [****..]
Gold:   461        SH: 12    Dex: 10    Spells: 7/9 levels left

rFire    . . .     SeeInvis .   y - +1 war axe (elec)
rCold    . . .     Gourm    .   c - +0 shield
rNeg     . . .     Faith    +   w - quicksilver dragon scales
rPois    .         Spirit   .   (no helmet)
rElec    .         Reflect  .   (no cloak)
rCorr    .         Harm     .   (no gloves)
MR       ++...                  (no boots)
Stlth    ..........             D - amulet of faith
HPRegen  0.22/turn              m - -3 ring of intelligence (curse)
MPRegen  0.12/turn              n - ring of protection from magic

@: mighty, lethally poisoned (-1 -> -13), slowed, very slow
A: no striking features
a: Heroism, Renounce Religion


You were on level 9 of the Dungeon.
You worshipped Okawaru.
Okawaru was greatly pleased with you.
You were very hungry.

You visited 2 branches of the dungeon, and saw 10 of its levels.

You collected 461 gold pieces.

Inventory:

Hand Weapons
 a - a +0 war axe
 y - a +1 war axe of electrocution (weapon)
Missiles
 C - 3 javelins (quivered)
Armour
 c - a +0 shield (worn)
 o - a +2 scale mail of fire resistance
 w - quicksilver dragon scales (worn)
Jewellery
 m - a cursed -3 ring of intelligence (left hand)
 n - a ring of protection from magic (right hand)
 D - an amulet of faith (around neck)
 H - an uncursed ring of protection from fire {unknown}
Wands
 p - a wand of random effects (20)
 x - a wand of polymorph (20)
 B - a wand of paralysis (7)
 F - a wand of disintegration (16)
Scrolls
 b - 3 scrolls of magic mapping {unknown}
 e - 5 scrolls of fear {unknown}
 g - a scroll of amnesia {unknown}
 j - 2 scrolls of fog {unknown}
 k - 11 scrolls of identify {unknown}
 l - 8 scrolls of remove curse {unknown}
 q - a scroll of noise {unknown}
 t - 3 scrolls of enchant armour {unknown}
 A - a scroll of blinking {unknown}
 G - a scroll of enchant weapon {unknown}
Potions
 d - a potion of might
 h - 5 potions of curing
 i - 3 potions of brilliance {unknown}
 r - 3 potions of ambrosia {unknown}
 s - a potion of flight {unknown}
 u - a potion of degeneration {unknown}
 v - 5 potions of heal wounds {unknown}
 z - 2 potions of lignification {unknown}
 E - a potion of haste {unknown}
Comestibles
 f - 17 rations


   Skills:
 - Level 3.6 Fighting
 - Level 11.0(11.3) Axes
   Level 3.3(6.8) Maces & Flails
 - Level 10.2 Armour
 * Level 9.6 Shields


You had 7 spell levels left.
You knew the following spells:

 Your Spells              Type           Power        Failure   Level  Hunger
a - Swiftness             Chrm/Air       #.......     91%         2    ###....

Your spell library contained the following spells:

 Spells                   Type           Power        Failure   Level  Hunger
 Infusion                 Chrm           #...         82%         1    ##.....
 Shock                    Conj/Air       #...         82%         1    ##.....
 Sting                    Conj/Pois      #...         82%         1    ##.....
 Poisonous Vapours        Pois/Air       #.....       91%         2    ###....
 Shroud of Golubria       Chrm/Tloc      #.........   91%         2    ###....
 Song of Slaying          Chrm           #.......     91%         2    ###....
 Mephitic Cloud           Conj/Pois/Air  #.......     99%         3    ####...
 Regeneration             Chrm/Necr      #.........   99%         3    ####...
 Spectral Weapon          Hex/Chrm       #.......     99%         3    ####...
 Static Discharge         Conj/Air       #.......     99%         3    ####...
 Airstrike                Air            #.........   100%        4    #####..
 Olgreb's Toxic Radiance  Pois           #.......     100%        4    #####..
 Lightning Bolt           Conj/Air       #.........   100%        5    ######.
 Venom Bolt               Conj/Pois      #.........   100%        5    ######.


Dungeon Overview and Level Annotations

Branches:
Dungeon (9/15)             Temple (1/1) D:5
   Lair: D:8-11         Orc: D:9-12

Altars:
Ashenzari
Cheibriados
Dithmenos
Elyvilon
Fedhas
Gozag
Hepliaklqana
Kikubaaqudgha
Makhleb
Nemelex Xobeh
Okawaru
Qazlal
Ru
Sif Muna
Trog
Uskayaw
Vehumet
Wu Jian
Xom
Yredelemnul
Zin

Shops:
D:6 =   D:7 (

Annotations:
D:9 3 runed translucent doors, confidenceinterval's ghost, novice DsBe


Message History

You miss the hornet.
The hornet is severely wounded.
You block the hornet's attack. The hornet stings you.
* * * LOW HITPOINT WARNING * * *
You are poisoned.
You feel as though you will be slow longer.
You block the hornet's attack.
You closely miss the hornet.
The hornet is severely wounded.
You feel sick. You block the hornet's attack. The hornet closely misses you.
The eye of draining gazes at you.
You feel your power leaking away.
You hit the hornet.
The hornet is severely wounded.
You feel sick. The hornet stings you.
* * * LOW HITPOINT WARNING * * *
You are lethally poisoned!
You feel as though you will be slow longer.
You block the hornet's attack. The hornet stings you!
You die...

...... .. ...... ..
...... #. ###### #. # #Z
# #G #
######y#################
.......@................
........................
#######.....##.##.......
#....##...##......
#...##.....##.....
#...#.......#.....
........._...†.....
######.......#.....
##.....##.....


You could see an eye of draining, a hornet and a centaur skeleton.

Vanquished Creatures
  Erolcha (D:9)
  2 hornets (D:8)
  Sigmund (D:6)
  Eustachio (D:6)
  A hungry ghost (D:7)
  A water moccasin (D:8)
  2 ice beasts (D:8)
  2 black bears (D:8)
  An orc warrior (D:7)
  A sky beast (D:8)
  2 ogres
  A phantom (D:8)
  3 centaurs
  Blork the orc (D:6)
  6 bullfrogs
  A gnoll sergeant (D:7)
  5 scorpions
  5 crimson imps
  3 hounds
  A quasit (D:6)
  An orc priest (D:4)
  4 jellies
  2 centaur skeletons
  7 orc wizards
  2 bullfrog skeletons
  2 iguanas
  7 worker ants
  A hound zombie (D:6)
  3 gnolls (D:7)
  11 adders
  2 shadow imps
  2 oozes
  3 worms
  An adder skeleton (D:8)
  A dart slug (D:3)
  4 leopard geckos
  32 orcs
  5 bats
  2 bat skeletons (D:2)
  4 bat zombies (D:2)
  8 giant cockroaches
  3 goblins
  4 hobgoblins
  14 jackals
  4 kobolds
  3 quokkas
  6 frilled lizards
  A quokka skeleton (D:4)
  4 rats
184 creatures vanquished.

Vanquished Creatures (others)
  An orc (D:7)
1 creature vanquished.

Grand Total: 185 creatures vanquished

Notes
Turn   | Place    | Note
-------+----------+-------------------------------------------
     0 | D:1      | gruber the Hill Orc Fighter began the quest for the Orb.
     0 | D:1      | Reached XP level 1. HP: 19/19 MP: 1/1
    15 | D:1      | Reached skill level 3 in Axes
   122 | D:1      | Reached XP level 2. HP: 24/26 MP: 2/2
   218 | D:1      | Reached skill level 4 in Axes
   433 | D:1      | Reached XP level 3. HP: 31/31 MP: 3/3
   899 | D:2      | Reached skill level 5 in Axes
  1078 | D:2      | Found an ancient bone altar of Kikubaaqudgha.
  1123 | D:2      | Reached skill level 1 in Maces & Flails
  1125 | D:2      | Reached XP level 4. HP: 39/39 MP: 4/4
  1509 | D:3      | Reached XP level 5. HP: 11/45 MP: 5/5
  2078 | D:3      | Reached skill level 6 in Axes
  2097 | D:4      | Reached skill level 7 in Axes
  2097 | D:4      | Reached XP level 6. HP: 42/51 MP: 6/6
  2241 | D:4      | Reached skill level 8 in Axes
  2294 | D:4      | Reached XP level 7. HP: 36/57 MP: 7/7
  2313 | D:4      | Reached skill level 9 in Axes
  2831 | D:5      | Entered Level 5 of the Dungeon
  3326 | D:5      | Found a staircase to the Ecumenical Temple.
  3338 | Temple   | Entered the Ecumenical Temple
  3471 | Temple   | Became a worshipper of Warmaster Okawaru
  3527 | D:5      | Reached skill level 10 in Axes
  4060 | D:6      | Noticed Eustachio
  4074 | D:6      | Killed Eustachio
  4074 | D:6      | Reached skill level 11 in Axes
  4074 | D:6      | Reached XP level 8. HP: 63/64 MP: 8/8
  4093 | D:6      | Noticed Sigmund
  4139 | D:6      | Killed Sigmund
  4139 | D:6      | Reached * piety under Okawaru
  4203 | D:6      | Reached skill level 5 in Armour
  4302 | D:6      | Found Saoczuhif's Jewellery Boutique.
  4408 | D:6      | Noticed Blork the orc
  4417 | D:6      | Killed Blork the orc
  4627 | D:6      | Found a shimmering altar of Xom.
  4674 | D:7      | Reached ** piety under Okawaru
  4674 | D:7      | Reached XP level 9. HP: 63/70 MP: 9/9
  4838 | D:7      | Found a shadowy altar of Dithmenos.
  4906 | D:7      | Found a deep blue altar of Sif Muna.
  5060 | D:7      | Found Iciomi's Weapon Boutique.
  5122 | D:8      | Reached skill level 10 in Armour
  5135 | D:8      | Reached *** piety under Okawaru
  5266 | D:8      | Found a shattered altar of Ashenzari.
  5274 | D:8      | Reached skill level 5 in Shields
  5404 | D:8      | Learned a level 2 spell: Swiftness
  5406 | D:8      | Found a bloodstained altar of Trog.
  5429 | D:8      | Reached XP level 10. HP: 76/77 MP: 10/10
  5745 | D:8      | Reached **** piety under Okawaru
  6022 | D:9      | Found a runed translucent gate.
  6022 | D:9      | Found a runed translucent gate.
  6022 | D:9      | Found a runed translucent gate.
  6023 | D:9      | Noticed Erolcha
  6095 | D:9      | Killed Erolcha
  6180 | D:9      | Noticed confidenceinterval's ghost (novice DsBe)
  6208 | D:9      | Found a sparkling altar of Nemelex Xobeh.
  6325 | D:9      | Paralysed by a hornet for 2 turns
  6341 | D:9      | Slain by a hornet

Levels and vault maps discovered:
D:1:      dpeg_arrival_tiny_j, layout_basic
D:2:      layout_loops_ring, kennysheep_vampire_church
D:3:      layout_rooms, first_ration
D:4:      layout_rooms, st_stairs_12
D:5:      minmay_skewed_foursquare, layout_basic, minmay_temple_entry_slanted
D:6:      layout_cave_pools, marbit_many_paths, serial_column_ruins,
          column_ruins_open_tiny, column_ruins_grid_1,
          column_ruins_columns_straight, column_ruins_grid_3,
          column_ruins_open_small, serial_shops, kennysheep_mini_moat,
          uniq_eustachio, uniq_sigmund, uniq_blork_the_orc
D:7:      layout_rooms, led_sif_pool, serial_shops, kennysheep_mini,
          basic_altar, serial_curves, eino_curves_04, eino_curves_04,
          lemuel_old_faithful
D:8:      layout_loops_ring, cheibrodos_ashenzari_chains,
          hangedman_pestilent_swarm, minmay_misc_feat_square,
          trog_ov_bears_minmay
D:9:      layout_long_grid, tso_oasis_becter, lemuel_round_altar,
          hiddenorc2_lemuel, serial_shops, shop_statue,
          ebering_ghost_rock_garden, kennysheep_generic_room_16, uniq_erolcha
Temple:   nicolae_temple_elliptical

Skill      XL: |  1  2  3  4  5  6  7  8  9 10 |
---------------+-------------------------------+-----
Axes           | 3 4 5 7 8 11 | 11.0
Maces & Flails | 1 2 3 |  3.3
Armour         | 7 10 | 10.2
Shields        | 7 9 |  9.6
Fighting       | |  3.6

Action                   |  1- 3 |  4- 6 |  7- 9 | 10-12 || total
-------------------------+-------+-------+-------+-------++-------
Melee: War axe           |    47 |       |   182 |    71 ||   300
       Whip              |    63 |   128 |   135 |       ||   326
Invok: Heroism           |       |       |       |     1 ||     1
  Use: Potion            |       |     1 |       |     2 ||     3
  Eat: Chunk             |       |     5 |     4 |     3 ||    12
       Ration            |       |       |     2 |       ||     2
Armor: Scale mail        |    61 |    38 |    18 |       ||   117
       Quicksilver drago |       |       |   101 |    13 ||   114
Dodge: Dodged            |    40 |    26 |    55 |    29 ||   150
Block: Shield            |    54 |    45 |   126 |    41 ||   266

Table legend:
 A = Non-vault XP
 B = Vault XP
 C = Vault XP percentage of total XP
 D = Non-vault monster count
 E = Vault monster count
 F = Vault count percentage of total count
                 A         B        C        D         E       F
            +---------+---------+-------+---------+---------+-------
      Total |    4111 |    2570 |  38.5 |     163 |      21 |  11.4
            +---------+---------+-------+---------+---------+-------
        D:1 |      40 |       0 |   0.0 |      23 |       0 |   0.0
        D:2 |      47 |      12 |  20.3 |      17 |       6 |  26.1
        D:3 |      86 |      90 |  51.1 |      18 |       1 |   5.3
        D:4 |     463 |       0 |   0.0 |      24 |       0 |   0.0
        D:5 |     292 |      79 |  21.3 |       8 |       3 |  27.3
        D:6 |     594 |     555 |  48.3 |      23 |       4 |  14.8
        D:7 |    1159 |       0 |   0.0 |      19 |       0 |   0.0
        D:8 |    1276 |     875 |  40.7 |      24 |       6 |  20.0
        D:9 |     154 |     959 |  86.2 |       7 |       1 |  12.5
            +---------+---------+-------+---------+---------+-------
